 Dungeon Crawl Stone Soup version 0.30.1-4-g462c640d31 (webtiles) character file.

Game seed: 13498100997576613188

137301 spardeous the Thaumaturge (level 16, 0/136 HPs)
             Began as a Demigod Conjurer on Aug 24, 2023.
             Succumbed to an emperor scorpion's poison
             ... on level 4 of the Spider Nest.
             The game lasted 01:08:02 (48685 turns).

spardeous the Thaumaturge (Demigod Conjurer)       Turns: 48685, Time: 01:08:03

Health: 0/136      AC:  8    Str: 15    XL:     16   Next: 18%
Magic:  12/48      EV: 12    Int: 30    God:
Gold:   2252       SH: 25    Dex: 23    Spells: 26/43 levels left

rFire   + + .        o - +7 war axe of Doom {freeze, MP+9}
rCold   + . .        M - +2 tower shield
rNeg    + . .        A - +3 leather armour {rC+}
rPois   .            W - +2 hat {Will+}
rElec   +            k - scarf of Ashenzari, Keeping {harm, rElec rF+ rN+ Regen+}
rCorr   .            D - +2 pair of gloves
SInv    +            (no boots)
Will    +++..        b - amulet of reflection
Stlth   ++           O - ring of Zucyl {+Blink Will+ Str-5 Dex+7 SInv}
HPRegen 1.22/turn    G - +6 ring of intelligence
MPRegen 0.31/turn

%: harm (+30% outgoing, +20% incoming), reflection
@: lethally poisoned (0 -> -3), corroded
A: high MP 1, forlorn, divine attributes, fire resistance 1, robust 1
a: Evoke Blink


You were on level 4 of the Spider Nest.
You visited 4 branches of the dungeon, and saw 26 of its levels.
You also visited: Ossuary.

You collected 2988 gold pieces.
You spent 736 gold pieces at shops.

Inventory:

Hand Weapons
 o - the +7 war axe of Doom (weapon) {freeze, MP+9}
   (You found it on level 3 of the Spider Nest)

   MP:        It affects your magic capacity (+9).
 Q - a +7 scimitar
Missiles
 a - 2 throwing nets
Armour
 k - the scarf of Ashenzari, Keeping (worn) {harm, rElec rF+ rN+ Regen+}
   (You acquired it on level 14 of the Dungeon)

   rF:        It protects you from fire.
   rElec:     It insulates you from electricity.
   rN:        It protects you from negative energy.
   Regen:     It increases your rate of health regeneration.
 t - +0 ice dragon scales
 A - a +3 leather armour of cold resistance (worn)
 D - a +2 pair of gloves (worn)
 M - a +2 tower shield (worn)
 W - a +2 hat of willpower (worn)
Jewellery
 b - an amulet of reflection (around neck)
 j - a ring of magical power
 l - a +6 ring of strength
 G - a +6 ring of intelligence (right hand)
 O - the ring of Zucyl (left hand) {+Blink Will+ Str-5 Dex+7 SInv}
   (You found it on level 11 of the Dungeon)

   [ring of willpower]

   Str:       It affects your strength (-5).
   Dex:       It affects your dexterity (+7).
   SInv:      It lets you see invisible.
   +Blink:    It lets you blink.
   Will:      It increases your willpower.
 X - a +6 ring of dexterity
 Y - a ring of protection from fire
 Z - a ring of resist corrosion
Wands
 K - a wand of roots (49)
 L - a wand of digging (9)
 N - a wand of mindburst (16)
 R - a wand of flame (28)
 T - a wand of paralysis (25)
 U - a wand of light (10)
Scrolls
 c - 5 scrolls of magic mapping
 d - 3 scrolls of fear
 e - 2 scrolls of enchant weapon
 i - 12 scrolls of teleportation
 m - 4 scrolls of blinking
 q - 3 scrolls of brand weapon
 s - 6 scrolls of immolation
 v - 7 scrolls of amnesia
 x - a scroll of enchant armour
 y - 4 scrolls of poison
 H - a scroll of summoning
 I - 6 scrolls of silence
 S - a scroll of fog
Potions
 f - 2 potions of curing
 g - 9 potions of heal wounds {unknown}
 h - 4 potions of resistance
 n - 5 potions of lignification
 p - 3 potions of mutation
 r - 8 potions of degeneration {unknown}
 u - 4 potions of invisibility
 w - 6 potions of berserk rage
 z - 3 potions of haste
 B - 8 potions of brilliance
 E - 2 potions of cancellation
 F - 5 potions of attraction
 J - 3 potions of ambrosia
 P - 3 potions of might
 V - 4 potions of flight
Miscellaneous
 C - a lightning rod (4/4)


   Skills:
 - Level 6.4 Fighting
 + Level 4.0 Axes
 - Level 8.5 Armour
 - Level 5.3 Dodging
 - Level 1.7 Stealth
 - Level 8.8 Shields
 - Level 14.0 Spellcasting
 - Level 11.0 Conjurations
 - Level 8.5 Necromancy
 - Level 11.0 Translocations
 - Level 4.0 Transmutations
 - Level 7.3 Earth Magic


You had 26 spell levels left.
You knew the following spells:

 Your Spells              Type           Power      Damage    Failure   Level
a - Magic Dart            Conj           100%       1d8       1%          1
b - Searing Ray           Conj           100%       2d8       1%          2
c - Iskenderun's Mystic   Conj/Tloc      72%        2d15      1%          4
d - Vampiric Draining     Necr           64%        2d10      1%          3
e - Sublimation of Blood  Necr           64%        N/A       1%          2
f - Borgnjor's Vile Clut  Necr/Erth      31%        N/A       21%         5

Your spell library contained the following spells:

 Spells                   Type           Power      Damage    Failure   Level
 Apportation              Tloc           100%       N/A       1%          1
 Necrotise                Necr           100%       1d9       1%          1
 Blink                    Tloc           100%       N/A       1%          2
 Lesser Beckoning         Tloc           100%       N/A       1%          2
 Momentum Strike          Conj/Tloc      100%       3d10      1%          2
 Gell's Gravitas          Tloc           72%        N/A       1%          3
 Teleport Other           Tloc           72%        N/A       1%          3
 Passage of Golubria      Tloc           72%        N/A       1%          4
 Wereblood                Tmut           45%        N/A       5%          2
 Dazzling Flash           Conj/Hex       100%       N/A       6%          3
 Volatile Blastmotes      Fire/Tloc      100%       2d18      6%          3
 Animate Dead             Necr           64%        N/A       6%          4
 Dispel Undead            Necr           64%        3d22      6%          4
 Cigotuvi's Dreadful Rot  Necr/Pois/Air  76%        N/A       9%          2
 Agony                    Necr           64%        N/A       16%         5
 Slow                     Hex            84%        N/A       19%         1
 Summon Small Mammal      Summ           84%        N/A       19%         1
 Flame Wave               Conj/Fire      52%        2d13      21%         4
 Fulminant Prism          Conj/Hex       26%        3d13      21%         4
 Poisonous Vapours        Pois/Air       42%        N/A       28%         2
 Scorch                   Fire           42%        2d6       28%         2
 Ignite Poison            Fire/Tmut/Pois 29%        N/A       32%         3
 Dispersal                Tloc           36%        N/A       32%         6
 Confusing Touch          Hex            21%        N/A       50%         3
 Tukima's Dance           Hex            21%        N/A       50%         3
 Death Channel            Necr           32%        N/A       65%         6
 Freezing Cloud           Conj/Ice/Air   21%        6-21      75%         5
 Orb of Destruction       Conj           36%        9d11      87%         7
 Alistair's Intoxication  Tmut/Pois      22%        N/A       93%         5
 Yara's Violent Unravell  Hex/Tmut       16%        3d8       93%         5
 Starburst                Conj/Fire      26%        6d8       97%         6
 Summon Cactus Giant      Summ           10%        N/A       100%        6
 Enfeeble                 Hex            10%        N/A       100%        7


Dungeon Overview and Level Annotations

Branches:
Dungeon (15/15)            Temple (0/1) D:5            Lair (5/5) D:8
 Shoals (0/4) Lair:3       Spider (4/4) Lair:3        Slime (0/5) Lair:5
    Orc (2/2) D:10            Elf (0/3) Orc:2        Vaults (0/5) D:14
 Depths (0/4) D:15        Ossuary (visited)

Shops:
D:4 [   D:7 (   Orc:2 (([?

Portals:
Abyss: Lair:3

Annotations:
Lair:3 2 transporters, Kanwenku's ghost, journeyman MiFi


Innate Abilities, Weirdness & Mutations

You have an increased reservoir of magic. (+10% MP)
You shall have no god before yourself.
Your divine heritage dramatically boosts your attributes as you level up.
Your flesh is heat resistant. (rF+)
You are robust. (+10% HP)


Message History

The emperor scorpion is knocked back by the mystic blast.
The mystic blast hits the demonic crawler.
The demonic crawler is lightly wounded.
The demonic crawler is knocked back by the mystic blast.
You feel very sick.
You take 5 damage, and have 36/136 hp.
You now have 15/48 mp.
Unknown command.
You feel very sick.
The jorogumo stares at you and mumbles some strange words.
The stream of webbing hits you but does no damage.
You are caught in a web!
You take 3 damage, and have 33/136 hp.
Unknown command.
Casting: Iskenderun's Mystic Blast (mildly dangerous; 1% risk of failure)
Confirm with . or Enter, or press ? or * to list all spells.
You erupt in a blast of force!
The mystic blast hits the culicivora!
The culicivora is moderately wounded.
The culicivora is knocked back by the mystic blast.
The mystic blast hits the emperor scorpion but does no damage.
The emperor scorpion is heavily wounded.
The mystic blast hits the demonic crawler!
The demonic crawler is moderately wounded.
The demonic crawler is knocked back by the mystic blast.
You feel very sick.
The entropy weaver points at you and mumbles some strange words.
The entropic weave corrodes you! The emperor scorpion stings you!!
* * * LOW HITPOINT WARNING * * *
The emperor scorpion claws you.
* * * LOW HITPOINT WARNING * * *
The emperor scorpion claws you.
* * * LOW HITPOINT WARNING * * *
The entropy weaver points at you and mumbles some strange words.
The entropic weave corrodes you!
You take 32 damage, and have 1/136 hp.
MASSIVE DAMAGE!!
You now have 11/48 mp.
Okay, then.
Blink to where?
Press: ? - help, Dir - move target
Found a scroll of fear.
Found a stone staircase leading up.
As you read the scroll of blinking, it crumbles to dust.
You die...

......ss.......
.....†.§.†#.....
......##..^.....
..... <.........
#... .$..^....
##^ ......... #.
#...^.... #
##........
#.@.......
#.........
#.........
##.......#
?...###.^ #...#
# #####


There were no monsters in sight!

Vanquished Creatures
  Rupert (Lair:5)
  Gastronok (D:10)
  An orc warlord (Orc:2)
  The ghost of Stellion the Bludgeoner, a journeyman MiFi of the Shining One (Orc:2)
  Nessos (Lair:4)
  2 dire elephants (Lair:5)
  4 spark wasps
  A fire dragon (D:14)
  6 entropy weavers
  7 hydras
  A catoblepas (D:13)
  An anaconda (Lair:1)
  3 boulder beetles
  7 two-headed ogres
  A death knight (D:15)
  2 centaur warriors
  4 radroaches
  2 dancing weapons (D:14)
  An alligator (Lair:1)
  An orc high priest (Orc:2)
  12 death yaks
  Urug (Lair:5)
  A fire crab (Lair:1)
  Lodul (D:14)
  A fire crab (shapeshifter) (D:13)
  3 sun moths
  A spectral anaconda (Lair:5)
  3 pharaoh ants
  A spectral death yak (Lair:5)
  6 orb spiders
  3 orc knights (Orc:1)
  An obsidian statue (Lair:5)
  4 steelbarb worms
  3 necromancers (Lair:5)
  13 ugly things
  5 deep elf pyromancers
  3 cyclopes
  18 wolf spiders
  2 orc sorcerers (Orc:2)
  3 manticores
  2 moths of wrath
  Maurice (Orc:1)
  17 elephants
  4 black mambas
  A dire elephant zombie (Lair:5)
  2 gargoyles
  3 demonic crawlers
  6 cane toads
  4 torpor snails
  3 rime drakes
  7 komodo dragons
  2 unseen horrors
  An efreet (D:14)
  A tengu conjurer (D:10)
  A merfolk (shapeshifter) (D:14)
  4 polar bears
  3 meliai (Spider:3)
  2 hornets
  A polar bear (shapeshifter) (D:13)
  5 trolls
  21 tarantellas
  17 blink frogs
  17 jumping spiders
  13 dream sheep (Lair:5)
  5 slime creatures
  14 culicivoras
  A shadow (D:7)
  6 wyverns
  69 yaks
  2 steam dragons (D:7)
  A wraith (D:11)
  A death yak simulacrum (Lair:5)
  Eustachio (D:4)
  A basilisk (shapeshifter) (D:13)
  6 vampire mosquitoes
  7 basilisks
  33 redbacks
  A redback (shapeshifter) (D:14)
  Menkaure (D:7)
  A spectral cane toad (Lair:5)
  A warg (Orc:2)
  An acid dragon (D:10)
  A floating eye (shapeshifter) (D:15)
  35 orc warriors
  12 water moccasins
  A sky beast (D:6)
  An elephant zombie (Lair:5)
  2 ice beasts (D:7)
  A black bear (Lair:1)
  17 ogres
  14 wolves
  4 boggarts (D:15)
  12 centaurs
  A phantom (D:6)
  4 kobold brigands
  Blork the orc (D:4)
  8 bullfrogs
  2 gnoll sergeants
  4 cane toad simulacra (Lair:5)
  11 scorpions
  A water moccasin zombie (D:3)
  4 wights (D:7)
  9 killer bees (D:9)
  An elephant simulacrum (Lair:5)
  An electric eel (Lair:1)
  6 howler monkeys
  2 centaur zombies (Ossuary)
  7 hounds
  2 gnoll boudas
  27 orc priests
  2 jellies (D:8)
  9 iguanas
  A sleepcap (D:7)
  16 orc wizards
  6 scorpion zombies
  7 hell rats
  A hound zombie (D:3)
  3 mummies (Ossuary)
  Robin (D:2)
  12 gnolls
  7 adders
  2 ufetubi
  An adder skeleton (D:3)
  A worm (D:2)
  3 dart slugs
  87 orcs
  9 ball pythons
  4 bats
  5 endoplasms
  A giant cockroach (D:2)
  12 goblins
  9 hobgoblins
  6 jackals
  4 quokkas
  5 frilled lizards
  A gnoll zombie (Ossuary)
  3 goblin zombies (Ossuary)
  2 hobgoblin zombies (Ossuary)
  A jackal skeleton (D:3)
  26 kobolds
  A kobold zombie (Ossuary)
  2 orc zombies (Ossuary)
  A quokka skeleton (D:3)
  A quokka zombie (D:3)
  2 rats (D:1)
868 creatures vanquished.

Vanquished Creatures (others)
  A manticore (D:11)
  A kobold brigand (D:10)
  An orc (D:7)
  27 fulminant prisms (Lair:5)
30 creatures vanquished.

Grand Total: 898 creatures vanquished

Notes
Turn   | Place    | Note
-------+----------+-------------------------------------------
     0 | D:1      | spardeous the Demigod Conjurer began the quest for the Orb.
     0 | D:1      | Reached XP level 1. HP: 14/14 MP: 5/5
    80 | D:1      | Reached skill level 2 in Spellcasting
   343 | D:1      | Reached XP level 2. HP: 20/20 MP: 3/7
  1191 | D:2      | Learned a level 2 spell: Searing Ray
  1384 | D:2      | Reached XP level 3. HP: 26/26 MP: 2/9
  1469 | D:2      | Noticed Robin
  1805 | D:2      | Killed Robin
  2296 | D:2      | Reached skill level 3 in Spellcasting
  2296 | D:2      | Reached XP level 4. HP: 33/33 MP: 7/11
  3879 | D:3      | Learned a level 4 spell: Iskenderun's Mystic Blast
  4113 | D:3      | Reached skill level 5 in Conjurations
  4306 | D:3      | Reached XP level 5. HP: 9/38 MP: 11/12
  5120 | D:4      | Noticed Eustachio
  5234 | D:4      | Found a sand-covered staircase.
  5243 | Ossuary  | Entered an ossuary
  5260 | Ossuary  | Reached skill level 1 in Translocations
  5260 | Ossuary  | Reached XP level 6. HP: 45/45 MP: 13/13
  5876 | Ossuary  | Reached XP level 7. HP: 46/50 MP: 14/14
  6078 | Ossuary  | Reached skill level 5 in Translocations
  6404 | D:4      | Killed Eustachio
  6620 | D:4      | Found Lutawul's Antique Armour Shop.
  6674 | D:4      | Noticed Blork the orc
  6686 | D:4      | Killed Blork the orc
  6982 | D:4      | Reached XP level 8. HP: 57/57 MP: 15/15
  7083 | D:4      | Bought a pair of runed gloves for 217 gold pieces
  7245 | D:5      | Entered Level 5 of the Dungeon
  7620 | D:5      | Found a staircase to the Ecumenical Temple.
  9565 | D:7      | Noticed Menkaure
  9571 | D:7      | Killed Menkaure
  9582 | D:7      | Reached XP level 9. HP: 31/62 MP: 4/16
 10544 | D:7      | Noticed a two-headed ogre
 10550 | D:7      | Killed a two-headed ogre
 10551 | D:7      | Reached skill level 10 in Conjurations
 10851 | D:7      | Found Arghenti's Antique Weapon Shop.
 11101 | D:7      | Noticed a cyclops
 11104 | D:7      | Killed a cyclops
 11105 | D:7      | Reached skill level 4 in Spellcasting
 11179 | D:7      | Reached XP level 10. HP: 69/69 MP: 15/20
 11194 | D:7      | Reached skill level 5 in Spellcasting
 11312 | D:7      | Noticed a deep elf pyromancer
 11319 | D:7      | Killed a deep elf pyromancer
 11422 | D:7      | Reached skill level 6 in Spellcasting
 11691 | D:7      | Noticed a cyclops
 11739 | D:7      | Killed a cyclops
 11876 | D:7      | Reached skill level 7 in Spellcasting
 12099 | D:7      | Noticed a two-headed ogre
 12110 | D:7      | Killed a two-headed ogre
 12173 | D:7      | Got The Occult Memoir of the High Council
 12592 | D:8      | Noticed a two-headed ogre
 12603 | D:8      | Killed a two-headed ogre
 12604 | D:8      | Reached skill level 8 in Spellcasting
 13123 | D:8      | Found a staircase to the Lair.
 13726 | D:9      | Noticed a two-headed ogre
 13733 | D:9      | Killed a two-headed ogre
 13734 | D:9      | Reached skill level 9 in Spellcasting
 13734 | D:9      | Reached XP level 11. HP: 74/74 MP: 17/28
 14556 | D:10     | Entered Level 10 of the Dungeon
 15157 | D:10     | Noticed Gastronok
 15187 | D:10     | Reached skill level 10 in Spellcasting
 15372 | D:10     | Killed Gastronok
 15605 | D:10     | Found a staircase to the Orcish Mines.
 15911 | D:10     | Reached skill level 11 in Spellcasting
 16946 | D:11     | Noticed a two-headed ogre
 16960 | D:11     | Killed a two-headed ogre
 17092 | D:11     | Identified the ring of Zucyl {+Blink Will+ Str-5 Dex+7
                  | SInv}
 17981 | D:12     | Reached skill level 10 in Translocations
 18190 | D:12     | Noticed a two-headed ogre
 18198 | D:12     | Learned a level 3 spell: Vampiric Draining
 18213 | D:12     | Killed a two-headed ogre
 18214 | D:12     | Reached XP level 12. HP: 81/81 MP: 20/31
 18624 | D:12     | Noticed a boulder beetle
 18744 | D:12     | Killed a boulder beetle
 19574 | D:13     | Reached skill level 1 in Armour
 19747 | D:13     | Noticed a centaur warrior
 19756 | D:13     | Killed a centaur warrior
 19965 | D:13     | Noticed a catoblepas
 19982 | D:13     | Killed a catoblepas
 20960 | D:14     | Identified a scroll of acquirement
 20961 | D:14     | Acquired the scarf of Ashenzari, Keeping {harm, rElec rF+
                  | rN+ Regen+}
 21045 | D:14     | Reached skill level 5 in Armour
 21561 | D:14     | Noticed a fire dragon
 21587 | D:14     | Killed a fire dragon
 21806 | D:14     | Found a gate to the Vaults.
 21811 | D:14     | Reached skill level 5 in Dodging
 22185 | D:14     | Reached skill level 1 in Fighting
 22271 | D:14     | Noticed a centaur warrior
 22279 | D:14     | Killed a centaur warrior
 22590 | D:14     | Noticed Lodul
 22612 | D:14     | Killed Lodul
 22613 | D:14     | Reached XP level 13. HP: 99/99 MP: 18/32
 22896 | Lair:1   | Entered Level 1 of the Lair of Beasts
 22904 | Lair:1   | Reached skill level 5 in Fighting
 23080 | Lair:1   | Learned a level 3 spell: Ignite Poison
 23092 | Lair:1   | Reached skill level 1 in Necromancy
 23092 | Lair:1   | Reached skill level 1 in Transmutations
 23706 | Lair:1   | Reached skill level 1 in Shields
 24653 | Lair:1   | Reached skill level 5 in Shields
 28088 | Lair:3   | Reached XP level 14. HP: 111/111 MP: 17/34
 28187 | Lair:3   | Found a transporter.
 28220 | Lair:3   | Noticed Kanwenku's ghost (journeyman MiFi)
 28349 | Lair:3   | Found a transporter.
 28353 | Lair:3   | Found a one-way gate to the infinite horrors of the Abyss.
 28361 | Lair:3   | Found a staircase to the Shoals.
 28881 | Lair:3   | Found a hole to the Spider Nest.
 29588 | Lair:3   | Found a staircase to the Shoals.
 29602 | Lair:3   | Found a transporter.
 29608 | Lair:3   | Found a one-way gate to the infinite horrors of the Abyss.
 29634 | Lair:3   | Found a hole to the Spider Nest.
 30051 | Lair:3   | Found a transporter.
 30501 | Lair:4   | Reached skill level 12 in Spellcasting
 30590 | Lair:4   | Noticed Nessos
 30601 | Lair:4   | Killed Nessos
 32441 | Lair:5   | Entered Level 5 of the Lair of Beasts
 32750 | Lair:5   | Reached skill level 13 in Spellcasting
 33110 | Lair:5   | Got Incantation Continued
 33327 | Lair:5   | Reached skill level 14 in Spellcasting
 33459 | Lair:5   | Identified the +1 scale mail of the Wild Haggis {Stlth+}
 33568 | Lair:5   | Found a staircase to the Slime Pits.
 33603 | Lair:5   | Noticed Urug
 33612 | Lair:5   | Killed Urug
 33887 | Lair:5   | Noticed Rupert
 33898 | Lair:5   | Killed Rupert
 34848 | Lair:5   | Learned a level 4 spell: Fulminant Prism
 35503 | Lair:5   | Learned a level 5 spell: Borgnjor's Vile Clutch
 35912 | Lair:5   | Found a staircase to the Slime Pits.
 36710 | D:4      | Bought a glowing tower shield for 217 gold pieces
 36924 | Orc:1    | Entered Level 1 of the Orcish Mines
 36924 | Orc:1    | Noticed Maurice
 36931 | Orc:1    | Killed Maurice
 37125 | Orc:1    | Reached skill level 1 in Earth Magic
 37517 | Orc:1    | Reached XP level 15. HP: 90/116 MP: 28/38
 37972 | Orc:2    | Entered Level 2 of the Orcish Mines
 38095 | Orc:2    | Found a runed translucent door.
 38356 | Orc:2    | Found Cirphef's Magic Scroll Boutique.
 38411 | Orc:2    | Bought a scroll of identify for 26 gold pieces
 38411 | Orc:2    | Bought a scroll of identify for 26 gold pieces
 38411 | Orc:2    | Bought a scroll of identify for 26 gold pieces
 38470 | Orc:2    | Found a staircase to the Elven Halls.
 38661 | Orc:2    | Reached skill level 5 in Necromancy
 39087 | Orc:2    | Found Uqeut's Weapon Boutique.
 39280 | Orc:2    | Noticed Stellion's ghost (journeyman MiFi)
 39483 | Orc:2    | Found Geperph's Antique Armour Emporium.
 39549 | Orc:2    | Found Vuluch's Antique Weapon Shoppe.
 39629 | Orc:2    | Killed Stellion's ghost
 39796 | Orc:2    | Bought a heavily runed leather armour for 224 gold pieces
 39796 | Orc:2    | Identified the +1 leather armour of Tulips {Dex+3 Slay+2}
                  | (You bought it in a shop on level 2 of the Orcish Mines)
 40164 | D:15     | Entered Level 15 of the Dungeon
 40428 | D:15     | Learned a level 2 spell: Sublimation of Blood
 40861 | D:15     | Found a staircase to the Depths.
 41543 | Spider:1 | Entered Level 1 of the Spider Nest
 41766 | Spider:1 | Reached skill level 5 in Earth Magic
 45875 | Spider:2 | Gained mutation: You are robust. (+10% HP) [potion of
                  | mutation]
 45875 | Spider:2 | Gained mutation: Your flesh is heat resistant. (rF+)
                  | [potion of mutation]
 45898 | Spider:2 | Identified the +8 sling "Yfyitz" {drain, Str+5}
 46310 | Spider:2 | Reached XP level 16. HP: 125/136 MP: 5/39
 47298 | Spider:3 | Identified the +7 war axe of Doom {freeze, MP+9}
 47408 | Spider:3 | Reached skill level 1 in Axes
 48575 | Spider:4 | Entered Level 4 of the Spider Nest
 48684 | Spider:4 | HP: 2/136 [emperor scorpion (7)]
 48685 | Spider:4 | Succumbed to an emperor scorpion's poison

Illustrated notes

Levels and vault maps discovered:
D:1:      eino_arrival_druids_welcome, layout_loops_ring
D:2:      layout_basic, minivault_5, skrybe_limestone_x, uniq_robin
D:3:      layout_basic, ebering_ecumenical_altar_ruins, serial_undead,
          serial_undead_f, serial_undead_f, serial_undead_e, serial_undead_b,
          serial_undead_a, serial_undead_c
D:4:      layout_loops_ring, lightli_ossuary_entry_decrepit_ruins, serial_shops,
          nicolae_inconvenience_store, uniq_eustachio, uniq_blork_the_orc
D:5:      layout_basic, minmay_temple_entry_grid, kennysheep_diamond,
          minmay_circle_x
D:6:      layout_basic, old_standard_altar
D:7:      minmay_the_grid_triangle_9x9_rhombus_full
          [minmay_the_grid_triangle_9x9_zippers_horizontal,
          minmay_the_grid_triangle_9x9_semitri,
          minmay_the_grid_triangle_9x9_intruding_spiral,
          minmay_the_grid_triangle_9x9_checkered,
          minmay_the_grid_triangle_9x9_pentomino_pain,
          minmay_the_grid_triangle_9x9_alien,
          minmay_the_grid_triangle_9x9_skeleton,
          minmay_the_grid_triangle_9x9_prize_insulated], layout_basic,
          serial_shops, kennysheep_little_box, roderic_serpentine_path,
          uniq_menkaure
D:8:      layout_loops_ring, nemelex_diamond_rough_becter, lair_entry_dummy,
          serial_park_tiny_1
D:9:      layout_layer_cave
D:10:     layout_roguey, minmay_orc_entry_temple_small, uniq_gastronok
D:11:     layout_loops_ring
D:12:     layout_grid_maze
D:13:     layout_basic, nicolae_ru_path_of_blood
D:14:     layout_basic, erik_vaults_1, cheibrodos_ashenzari_chains, uniq_lodul
D:15:     hangedman_depths_entry_try_elsewhere_first, layout_loops_cross
Lair:1:   layout_small_grid, nicolae_lair_lakeside_cave, serial_bayou_shore_a,
          grunt_megastairs_2, serial_bayou_shore_b
Lair:2:   layout_gridlike, lemuel_fruit_tree, grunt_megastairs_4
Lair:3:   layout_cave_pods, shoals_dummy_entry, spider_nest_entry_funnel_web,
          gammafunk_ghost_abyssal_escape
Lair:4:   layout_regular_city, uniq_nessos
Lair:5:   due_jungle_book, layout_gridlike, slime_entry_1, uniq_urug,
          uniq_rupert
Spider:1: layout_chambers
Spider:2: layout_spider_delve
Spider:3: layout_cave_pods
Spider:4: hellmonk_spider_rune_endless_swarm, nicolae_spider_bug_shape
Orc:1:    layout_caves, nicolae_orc_rich_vein, uniq_maurice
Orc:2:    grunt_orc_community_town_hall, layout_caves,
          grunt_orc_community_big_house_2, grunt_orc_community_big_house_1,
          grunt_orc_community_house_2, grunt_orc_community_house_2,
          grunt_orc_community_house_1, grunt_orc_community_house_3,
          grunt_orc_community_house_3, ebering_ghost_reflecting_pool

Skill      XL: |  1  2  3  4  5  6  7  8  9 10 11 12 13 14 15 16 |
---------------+-------------------------------------------------+-----
Spellcasting   | 2 3 4 9 11 14 | 14.0
Conjurations   | 4 5 6 7 10 11 | 11.0
Translocations | 1 4 6 8 10 11 | 11.0
Armour         | 6 8 |  8.5
Dodging        | 5 |  5.3
Fighting       | 4 6 |  6.4
Necromancy     | 3 4 8 |  8.5
Transmutations | 4 |  4.0
Shields        | 6 8 |  8.8
Earth Magic    | 1 7 |  7.3
Axes           | 4 |  4.0
Stealth        | |  1.7

Action                     |  1- 3 |  4- 6 |  7- 9 | 10-12 | 13-15 | 16-18 || total
---------------------------+-------+-------+-------+-------+-------+-------++-------
  Melee: Unarmed           |    13 |       |       |       |       |       ||    13
         Dagger            |       |     6 |       |       |       |       ||     6
         Whip              |       |     9 |   157 |     5 |       |       ||   171
         Punch             |       |       |     2 |     1 |       |       ||     3
         Scimitar          |       |       |       |    58 |   173 |     7 ||   238
         War axe           |       |       |       |       |       |     4 ||     4
   Cast: Magic Dart        |   104 |    91 |       |       |       |       ||   195
         Searing Ray       |     2 |    19 |    42 |     2 |       |       ||    65
         Iskenderun's Myst |       |       |    49 |   320 |   698 |    84 ||  1151
         Fulminant Prism   |       |       |       |       |    27 |       ||    27
         Sublimation of Bl |       |       |       |       |     6 |       ||     6
         Borgnjor's Vile C |       |       |       |       |     1 |       ||     1
    Use: Potion            |       |     1 |     2 |     5 |     3 |     1 ||    12
         Scroll            |       |       |     9 |     7 |    18 |     5 ||    39
   Stab: Sleeping          |       |       |     2 |       |       |       ||     2
 Armour: Robe              |     4 |       |       |       |       |       ||     4
         Ring mail         |       |    25 |    25 |       |       |       ||    50
         Leather armour    |       |       |    68 |    68 |   122 |    11 ||   269
  Dodge: Dodged            |    24 |    36 |   249 |    93 |   208 |    27 ||   637
  Block: Other             |       |       |       |    23 |       |       ||    23
         Buckler           |       |       |       |    14 |       |       ||    14
         Reflection        |       |       |       |    10 |    25 |     2 ||    37
         Kite shield       |       |       |       |    14 |   232 |       ||   246
         Tower shield      |       |       |       |       |   299 |    56 ||   355
